Map: Frozen Temple

Players

Miszu - Winner!

  • Race: Terran Terran
  • League: Grandmaster

WooP

  • Race: Zerg Zerg
  • League: Master

VOD

Have the link to the VOD?

Description

Time

  • Played on: May 11, 2016, 5:44 p.m.
  • Length: 10:18
Show
View Real Time Build Order
Export as new Build Order

Miszu Terran - Winner!

Build Orders: Reaper Expand, Hellion Banshee 

Get SALT Encoding   

  12  0:02  SCV  
  13  0:14  SCV  
  14  0:17  Supply Depot  
  14  0:26  SCV  
  15  0:39  SCV  
  15  0:40  Barracks  
  16  0:44  Refinery  
  16  0:51  SCV  
  17  1:03  SCV  
  18  1:15  SCV  
  19  1:30  Reaper  
  19  1:31  Orbital Command  
  20  1:41  Command Center  
  20  1:50  Supply Depot  
  20  1:57  SCV  
  21  2:02  Marine  
  21  2:07  Factory  
  22  2:10  SCV  
  23  2:17  Refinery  
  23  2:22  SCV  
  24  2:26  Barracks Reactor  
  24  2:34  SCV  
  25  2:46  SCV  
  27  2:59  SCV  
  27  3:01  Orbital Command  
  27  3:02  Starport  
  27  3:09  Barracks Tech Lab  
  27  3:11  Hellion x2, SCV  
  32  3:23  SCV  
  33  3:30  SCV  
  33  3:32  Hellion x2  
  37  3:35  SCV  
  37  3:39  Barracks Reactor  
  37  3:43  SCV  
  37  3:47  SCV  
  39  3:53  Supply Depot  
  39  3:55  SCV  
  40  3:59  SCV  
  40  4:00  Banshee  
  44  4:07  SCV  
  44  4:11  SCV  
  44  4:13  Command Center  
  45  4:19  SCV  
  45  4:21  Refinery  
  45  4:23  Refinery, SCV  
  47  4:27  Armory  
  47  4:31  SCV  
  48  4:32  Supply Depot  
  48  4:34  Supply Depot  
  48  4:35  SCV  
  49  4:39  Hellion x2  
  49  4:41  Liberator  
  49  4:42  Liberator  
  49  4:43  SCV  
  54  4:54  SCV  
  54  4:55  SCV  
  62  5:01  Supply Depot  
  62  5:06  SCV  
  63  5:07  SCV  
  64  5:15  Hellion x2  
  64  5:18  SCV  
  64  5:19  SCV  
  70  5:26  Orbital Command  
  70  5:30  SCV  
  71  5:43  Liberator x2  
  71  5:48  SCV  
  66  5:50  SCV  
  66  5:55  Orbital Command  
  67  6:00  Hellion x2, SCV  
  78  6:05  Terran Ship Weapons Level 1  
  78  6:06  Starport  
  78  6:07  SCV  
  78  6:08  Starport, Fusion Core  
  79  6:12  SCV  
  79  6:13  Supply Depot  
  79  6:14  Supply Depot  
  79  6:17  Supply Depot  
  80  6:19  SCV  
  80  6:21  SCV  
  80  6:24  SCV  
  83  6:29  Hellion  
  83  6:32  Refinery  
  85  6:33  Refinery  
  85  6:35  Hellion, SCV, Liberator  
  85  6:36  Liberator  
  86  6:51  Hellion, Banshee  
  86  6:52  Starport Tech Lab  
  92  6:55  SCV x3  
  92  6:57  Hellion  
  94  7:01  Cloaking Field  
  94  7:03  Factory  
  94  7:07  SCV  
  95  7:12  Hellion, SCV x2  
  99  7:18  Hellion  
  99  7:19  SCV  
  99  7:20  Supply Depot  
  99  7:21  Supply Depot  
  100  7:24  SCV  
  101  7:33  Hellion  
  101  7:36  Liberator  
  95  7:39  Hellion  
  92  7:48  SCV x2  
  90  7:52  Banshee x2  
  90  7:54  SCV  
  90  7:55  Hellion  
  105  7:58  Factory Tech Lab  
  105  8:00  SCV x2, Terran Ship Weapons Level 2  
  105  8:01  Hellion  
  107  8:06  SCV  
  107  8:09  Supply Depot x2  
  107  8:12  Starport, SCV x2  
  110  8:14  Supply Depot, Starport  
  110  8:17  Hellion  
  110  8:18  Hellion, Infernal Pre-Igniter, SCV  
  115  8:24  SCV  
  116  8:31  Hellion  
  116  8:34  Hyperflight Rotors  
  118  8:35  Viking  
  118  8:36  Viking  
  118  8:37  Viking  
  118  8:39  Hellion  
  125  8:53  Hellion  
  127  8:56  Command Center, Starport Tech Lab x2  
  127  8:59  Banshee  
  128  9:05  Banshee  
  128  9:06  Viking  
  133  9:10  Hellion x2  
  133  9:14  Hellion  
  127  9:31  Hellion  
  127  9:37  Hellion x2  
  139  9:53  Hellion  
Show
View Real Time Build Order
Export as new Build Order

WooP Zerg 

Build Orders: Hatch First 

Get SALT Encoding   

  12  0:01  Drone  
  13  0:14  Overlord  
  13  0:18  Drone  
  14  0:34  Drone x2  
  16  0:38  Drone  
  17  0:50  Drone  
  18  1:00  Hatchery  
  17  1:11  Spawning Pool  
  16  1:13  Drone  
  16  1:16  Drone  
  18  1:23  Extractor  
  18  1:25  Drone  
  18  1:42  Overlord  
  18  1:46  Drone  
  19  1:58  Zergling x2  
  19  1:59  Queen  
  22  2:04  Zergling x2  
  23  2:12  Queen  
  25  2:16  Drone x2  
  27  2:28  Metabolic Boost  
  27  2:30  Drone  
  27  2:35  Spore Crawler  
  27  2:40  Spore Crawler  
  27  2:41  Queen  
  27  2:42  Overlord  
  29  2:50  Spore Crawler  
  28  2:52  Extractor  
  28  2:57  Drone x3  
  32  3:05  Pneumatized Carapace  
  32  3:14  Drone x2  
  32  3:15  Drone x5  
  38  3:24  Drone x2  
  40  3:30  Drone x2  
  42  3:39  Roach Warren  
  40  3:58  Hatchery  
  37  4:04  Spore Crawler  
  37  4:05  Drone x2  
  37  4:09  Overlord x2  
  39  4:19  Roach x2  
  39  4:20  Overlord  
  43  4:25  Extractor  
  43  4:26  Lair  
  43  4:27  Roach  
  43  4:29  Roach x2  
  48  4:35  Drone x3  
  48  4:36  Overlord  
  51  4:49  Spore Crawler  
  51  4:51  Queen, Spore Crawler  
  51  4:52  Drone x2  
  53  4:53  Drone x2  
  55  5:06  Roach x3  
  55  5:07  Roach  
  63  5:12  Queen  
  64  5:23  Drone x4  
  64  5:24  Drone x2  
  64  5:25  Overseer  
  71  5:35  Drone x2  
  71  5:36  Drone x3  
  71  5:54  Spore Crawler  
  71  5:56  Extractor  
  63  5:57  Hydralisk Den  
  63  5:58  Spore Crawler  
  63  5:59  Extractor  
  63  6:00  Queen x2  
  63  6:01  Queen  
  66  6:08  Drone  
  66  6:09  Spore Crawler, Drone x3  
  69  6:22  Drone x3  
  72  6:27  Hydralisk  
  72  6:28  Hydralisk x3  
  72  6:31  Roach  
  82  6:33  Overlord  
  81  6:46  Queen  
  81  6:54  Drone  
  81  6:55  Drone x8  
  81  6:56  Overlord  
  90  7:13  Overlord  
  74  7:47  Roach x9  
  82  7:57  Extractor, Hydralisk  
  82  7:58  Extractor, Hydralisk x7  
  94  8:05  Overlord x2  
  94  8:06  Overlord x2  
  94  8:08  Overlord x2  
  94  8:24  Overseer  
  94  8:25  Drone x2  
  94  8:26  Drone x4  
  100  8:31  Roach  
  100  8:32  Roach x6  
  114  8:35  Hatchery  
  114  8:38  Infestation Pit  
  112  8:42  Evolution Chamber  
  112  8:44  Evolution Chamber  
  112  8:45  Drone x5  
  115  8:59  Roach x5  
  115  9:00  Roach x2  
  129  9:09  Overlord x3  
  125  9:31  Overseer x2  
Tags
 
Add a new tag
Caveats
  • Supply blocks, unpowered buildings, or Contaminate may cause inaccurate times.
  • Supply counts are checked every 10 seconds.